 Dungeon Crawl Stone Soup version 0.28-a0-1234-g826d19b2e0 (webtiles) character file.

Game seed: 14742951687698661304

70 dr0g0th the Skirmisher (level 4, 0/40 HPs)
             Began as a Minotaur Fighter on Dec 23, 2021.
             Slain by a gnoll (6 damage)
             ... on level 2 of the Dungeon.
             The game lasted 00:01:40 (974 turns).

dr0g0th the Skirmisher (Minotaur Fighter)            Turns: 974, Time: 00:01:41

Health: 0/40       AC:  7    Str: 20    XL:     4   Next: 4%
Magic:  3/3        EV:  9    Int:  5    God:
Gold:   61         SH:  5    Dex: 12    Spells: 3/3 levels left

rFire   . . .      SeeInvis +   a - +1 war axe
rCold   . . .      Faith    .   c - +0 buckler
rNeg    . . .      Spirit   .   b - +0 scale mail
rPois   .          Reflect  .   (helmet restricted)
rElec   .          Harm     .   (no cloak)
rCorr   .          Rampage  .   (no gloves)
Will    .....                   (no boots)
Stlth   ..........              (no amulet)
HPRegen 0.13/turn               f - ring of see invisible
MPRegen 0.08/turn               (no ring)

@: mighty, lethally poisoned (0 -> -3)
A: horns 2, retaliatory headbutt
a: no special abilities


You were on level 2 of the Dungeon.
You visited 1 branch of the dungeon, and saw 2 of its levels.

You collected 61 gold pieces.

Inventory:

Hand Weapons
 a - a +1 war axe (weapon)
Armour
 b - a +0 scale mail (worn)
 c - a +0 buckler (worn)
Jewellery
 f - a ring of see invisible (left hand)
Scrolls
 e - 2 scrolls of identify
 g - a scroll of fear
 h - a scroll of summoning {unknown}


   Skills:
 + Level 4.3 Fighting
 + Level 3.7 Axes
 + Level 4.1 Armour
 + Level 0.6 Dodging
 + Level 4.0 Shields


You had 3 spell levels left.
You didn't know any spells.
Your spell library was empty.

Dungeon Overview and Level Annotations

Branches:
Dungeon (2/15)

Altars:

Shops:
D:1 (


Innate Abilities, Weirdness & Mutations

You have a pair of horns on your head.
You reflexively headbutt those who attack you in melee.


Message History

The gnoll shouts!
Your headbutt misses the gnoll. The gnoll closely misses you.
You hit the gnoll.
The gnoll is moderately wounded.
The gnoll hits you with a +0 whip! The gnoll hits you but does no damage.
You hit the gnoll but do no damage.
The gnoll is moderately wounded.
The gnoll hits you from afar with a +0 halberd!
The gnoll closely misses you. You furiously retaliate!
You headbutt the gnoll, but do no damage.
There is an open door here.
You feel very mighty all of a sudden. You block the gnoll's attack.
The gnoll hits you with a +0 whip.
You barely miss the gnoll.
The gnoll is moderately wounded.
The gnoll closely misses you. The gnoll barely misses you.
You furiously retaliate!
You headbutt the gnoll, but do no damage.
You block the gnoll's attack. The adder barely misses you.
You slash the gnoll!
The gnoll is almost dead.
The adder closely misses you. You block the gnoll's attack.
You hit the gnoll.
You kill the gnoll!
You miss the adder. The adder bites you.
You are poisoned.
The adder poisons you! The gnoll barely misses you.
You slash the adder!
You kill the adder!
You feel sick.
The gnoll hits you from afar with a +0 halberd.
* * * LOW HITPOINT WARNING * * *
The gnoll hits you but does no damage. x2
You have reached level 4!
You feel agile.
You slash the gnoll!
You kill the gnoll!
You feel sick. The gnoll closely misses you.
The gnoll hits you from afar with a +0 halberd.
You die...

♣ # #.# ♣
#.####'### ♣
#..#.....#
#.#.....######
#.............
#............
#..g.g.......
##.#)#.......
#.)@#.......
##..#.......
####..#.......
#.....'..####.
##.###.#....#
.
#....#>#.....
♣♣. #..#.#.#
#'.. ♣♣.♣
#..#.#.# ...
♣..♣ ##..#.#.#
..


You could see 2 gnolls.

Vanquished Creatures
  2 gnolls (D:2)
  An adder (D:2)
  2 dart slugs (D:1)
  6 ball pythons
  5 bats (D:1)
  4 endoplasms (D:2)
  6 giant cockroaches (D:1)
  2 goblins (D:1)
  6 hobgoblins
  2 quokkas (D:1)
  2 frilled lizards (D:1)
  3 kobolds
  A rat (D:2)
42 creatures vanquished.

Notes
Turn   | Place    | Note
-------+----------+-------------------------------------------
     0 | D:1      | dr0g0th the Minotaur Fighter began the quest for the Orb.
     0 | D:1      | Reached XP level 1. HP: 19/19 MP: 0/0
   144 | D:1      | Found Piysugh's Antique Weapon Shoppe.
   170 | D:1      | Reached XP level 2. HP: 27/27 MP: 1/1
   230 | D:1      | Found a faded altar of an unknown god.
   355 | D:1      | Reached XP level 3. HP: 30/33 MP: 2/2
   974 | D:2      | Reached XP level 4. HP: 7/40 MP: 3/3
   974 | D:2      | Slain by a gnoll

Illustrated notes

Levels and vault maps discovered:
D:1:      tarquinn_simple_flora_water_f, layout_loops_cross, serial_shops,
          nicolae_shop_crystal, hellmonk_ecumenical_altar_dog_temple,
          minmay_distorted
D:2:      kb_forest_paths, layout_basic, basic_altar, minmay_misc_feat_x,
          uniq_terence

Skill      XL: |  1  2  3 |
---------------+----------+-----
Fighting       | 4 |  4.3
Armour         | 4 |  4.1
Axes           | 3 |  3.7
Shields        | 4 |  4.0
Dodging        | |  0.6

Action                   |  1- 3 |  4- 6 || total
-------------------------+-------+-------++-------
Melee: War axe           |    87 |     1 ||    88
       Headbutt          |     9 |       ||     9
  Use: Scroll            |     3 |       ||     3
       Potion            |     1 |       ||     1
Armor: Scale mail        |    51 |       ||    51
Dodge: Dodged            |    46 |     1 ||    47
Block: Buckler           |    27 |       ||    27

Table legend: (Time is in decaauts)
 A = Elapsed time spent in this place.
 B = Non-inter-level travel time spent in this place.
 C = Inter-level travel time spent in this place.
 D = Time resting spent in this place.
 E = Time spent auto-exploring this place.
 F = Levels seen in this place.
 G = Mean time per level.
                   A        B        C        D        E       F      G
               +--------+--------+--------+--------+--------+-----+--------+
         Total |   1004 |    981 |     23 |      0 |    743 |   2 |  502.0 |
       Dungeon |   1004 |    981 |     23 |      0 |    743 |   2 |  502.0 |
               +--------+--------+--------+--------+--------+-----+--------+

Top non-repeatable levels by time:
     D:1: 786 daAuts
     D:2: 218 daAuts
